 Dungeon Crawl Stone Soup version 0.20.0-8-g6b59dc7 (webtiles) character file.

1724 Exaltedone87 the Chopper (level 8, -1/74 HPs)
             Began as a Deep Dwarf Fighter on June 3, 2017.
             Slain by an ogre
             ... wielding a +0 giant club
              (20 damage)
             ... on level 7 of the Dungeon.
             The game lasted 00:09:37 (5045 turns).

Exaltedone87 the Chopper (Deep Dwarf Fighter)       Turns: 5045, Time: 00:09:39

Health: -1/74      AC: 17    Str: 22    XL:     8   Next: 75%
Magic:  7/7        EV:  8    Int:  9    God:
Gold:   484        SH:  0    Dex: 12    Spells: 7/7 levels left

rFire    . . .     SeeInvis .   a - +0 war axe
rCold    . . .     Gourm    .   c - +1 shield
rNeg     + . .     Faith    .   z - +4 chain mail
rPois    .         Spirit   .   (no helmet)
rElec    .         Reflect  .   (no cloak)
rCorr    .         Harm     .   h - +2 pair of gloves
MR       +....                  (no boots)
Stlth    ..........             (no amulet)
Regen    0.0/turn               i - ring of positive energy
MPRegen  0.1/turn               (no ring)

@: confused, non-regenerating
A: damage resistance, heal wounds, sense surroundings 1, no regeneration
a: Heal Wounds


You were on level 7 of the Dungeon.
You were not hungry.

You visited 2 branches of the dungeon, and saw 8 of its levels.

You collected 484 gold pieces.

Inventory:

Hand Weapons
 a - a +0 war axe (weapon)
Armour
 c - a +1 shield (worn)
 h - a +2 pair of gloves (worn)
 z - a +4 chain mail (worn)
Jewellery
 i - a ring of positive energy (left hand)
Wands
 l - a wand of acid (6/15)
 m - a wand of polymorph (14/24)
 s - a wand of lightning (9/15)
 x - a wand of iceblast (6/15)
 y - a wand of enslavement (12/24)
Scrolls
 b - a scroll of magic mapping {unknown}
 e - 3 scrolls of identify
 k - a scroll of remove curse
 p - 2 scrolls of teleportation
 q - a scroll of amnesia
 A - a scroll of recharging {unknown}
 B - 2 scrolls of enchant armour
Potions
 d - 2 potions of might
 j - 2 potions of haste
 o - 2 potions of heal wounds
 t - 2 potions of flight
 u - a potion of mutation
 v - 3 potions of curing
 w - a potion of berserk rage
Comestibles
 f - 5 bread rations
 g - 3 royal jellies
 n - 8 fruits
 r - 2 meat rations
 C - 2 chunks of flesh


   Skills:
 + Level 5.0 Fighting
 * Level 7.3 Axes
 + Level 5.9 Armour
 + Level 4.8 Dodging
 + Level 6.0 Shields


You had 7 spell levels left.
You didn't know any spells.

Dungeon Overview and Level Annotations

Branches:
Dungeon (7/15)             Temple (1/1) D:7

Altars:
Ashenzari
Cheibriados
Dithmenos
Elyvilon
Fedhas
Gozag
Hepliaklqana
Kikubaaqudgha
Makhleb
Nemelex Xobeh
Okawaru
Qazlal
Ru
Sif Muna
Trog
Uskayaw
Xom
Yredelemnul
Zin
The Shining One


Innate Abilities, Weirdness & Mutations

You are resistant to damage.
You can heal yourself by infusing magical energy.
You passively map a small area around you.
You do not regenerate.


Message History

Firing (i - inventory): No suitable missiles.
Press: ? - help, Shift-Dir - straight line, f - ogre
Aim: an ogre, wielding a giant club
Okay, then.
You're too confused!
The orc wizard hits you with a dagger.
You slice the ogre!!
The ogre is severely wounded.
You hit the orc wizard but do no damage.
The orc wizard hits you with a dagger. The orc hits you but does no damage.
The ogre hits you with a giant club!
* * * LOW HITPOINT WARNING * * *
You miss the orc wizard.
The orc wizard is heavily wounded.
You hit the ogre.
The orc wizard hits you but does no damage.
The orc completely misses you.
The orc wizard hits you but does no damage.
The ogre hits you with a giant club!!
You die...

#.* * *##.#* , ,
,..., , # * #
#####.### )#
..#.......##..##
* *, *
..,....$.. .. ,
#.##.#.##.###.#
#.....O.).?....
####.#@oo.###.#
#. #.###### *
#.# #.# , , ,
#.# #.# * * ...
,#.# #.# ....
,#.#####'## *
*##.. #........#
..... #........#
**#..##........#
*


You could see an ogre, an orc wizard and an orc.

Vanquished Creatures
  Grinder (D:5)
  Sigmund (D:2)
  An orc warrior (D:6)
  3 ogres
  A centaur (D:5)
  2 bullfrogs
  2 scorpions
  4 crimson imps
  A jelly (D:5)
  A gnoll shaman (D:6)
  An orc priest (D:6)
  A bullfrog skeleton (D:6)
  2 hounds
  2 iguanas (D:5)
  Ijyb (D:3)
  2 orc wizards
  2 worker ants
  A hound zombie (D:6)
  A howler monkey zombie (D:6)
  3 gnolls (D:6)
  8 adders
  A shadow imp (D:5)
  2 oozes
  An adder skeleton (D:4)
  A worm (D:3)
  4 dart slugs
  7 leopard geckos
  11 orcs
  2 ball pythons
  5 bats
  3 giant cockroaches
  5 hobgoblins
  4 jackals (D:1)
  A quokka (D:6)
  A ball python skeleton (D:4)
  10 frilled lizards
  11 goblins
  5 kobolds
  9 rats
124 creatures vanquished.

Vanquished Creatures (others)
  4 toadstools (D:1)
4 creatures vanquished.

Grand Total: 128 creatures vanquished

Notes
Turn   | Place    | Note
-------+----------+-------------------------------------------
     0 | D:1      | Exaltedone87 the Deep Dwarf Fighter began the quest for the Orb.
     0 | D:1      | Reached XP level 1. HP: 20/20 MP: 1/1
   102 | D:1      | Reached XP level 2. HP: 17/27 MP: 2/2
   594 | D:1      | Reached skill level 1 in Dodging
   609 | D:1      | Reached XP level 3. HP: 17/33 MP: 3/3
   918 | D:2      | Noticed Sigmund
   937 | D:2      | Killed Sigmund
   937 | D:2      | Reached skill level 4 in Axes
   937 | D:2      | Reached XP level 4. HP: 37/42 MP: 4/4
   937 | D:2      | Reached XP level 5. HP: 43/49 MP: 5/5
  1221 | D:2      | Found a glowing golden altar of the Shining One.
  1221 | D:2      | Found a sacrificial altar of Ru.
  1230 | D:2      | Found an iron altar of Okawaru.
  1662 | D:2      | Found a bloodstained altar of Trog.
  1964 | D:3      | Noticed Ijyb
  1971 | D:3      | Killed Ijyb
  1971 | D:3      | Reached XP level 6. HP: 45/56 MP: 6/6
  2133 | D:3      | Found a shimmering altar of Xom.
  2970 | D:5      | Entered Level 5 of the Dungeon
  2970 | D:5      | Noticed Grinder
  2976 | D:5      | Paralysed by Grinder for 5 turns
  2985 | D:5      | Killed Grinder
  2985 | D:5      | Reached skill level 5 in Axes
  2985 | D:5      | Reached skill level 5 in Shields
  2985 | D:5      | Reached XP level 7. HP: 24/64 MP: 7/7
  3379 | D:5      | Reached skill level 6 in Axes
  3379 | D:5      | Reached skill level 5 in Armour
  3436 | D:5      | Reached XP level 8. HP: 57/73 MP: 7/7
  3918 | D:6      | Found a hide-covered altar of Uskayaw.
  4078 | D:6      | Found a white marble altar of Elyvilon.
  4230 | D:6      | Reached skill level 7 in Axes
  4592 | D:7      | Found a burning altar of Makhleb.
  4684 | D:7      | Reached skill level 5 in Fighting
  4688 | D:7      | Found a staircase to the Ecumenical Temple.
  4694 | Temple   | Entered the Ecumenical Temple
  5045 | D:7      | Slain by an ogre

Skill      XL: |  1  2  3  4  5  6  7  8 |
---------------+-------------------------+-----
Dodging        | 1 2 3 4 |  4.8
Fighting       | 3 4 5 |  5.0
Axes           | 4 5 6 7 |  7.3
Armour         | 4 5 |  5.9
Shields        | 4 5 6 |  6.0

Action                   |  1- 3 |  4- 6 |  7- 9 || total
-------------------------+-------+-------+-------++-------
Melee: War axe           |   117 |   170 |   176 ||   463
 Abil: Heal Wounds       |     1 |       |     5 ||     6
  Use: Scroll            |       |    11 |     3 ||    14
  Eat: Chunk             |       |     7 |     4 ||    11
       Meat ration       |       |       |     1 ||     1
Armor: Scale mail        |    64 |    80 |    43 ||   187
       Chain mail        |       |       |    15 ||    15
Dodge: Dodged            |    31 |    55 |    84 ||   170
Block: Shield            |    62 |    87 |    85 ||   234
